 Dungeon Sprint DCSS version 0.21.1-1-g345015f (webtiles) character file.

4513 Fang the Fighter (level 10, -8/74 HPs)
             Began as a Gargoyle Berserker on May 21, 2018.
             Was the Champion of Trog.
             Killed from afar by a fire dragon (19 damage)
             ... with a blast of flame
             ... in the Dungeon (Sprint V: "Ziggurat Sprint").
             The game lasted 00:03:53 (787 turns).

Fang the Fighter (Gargoyle Berserker)                Turns: 787, Time: 00:03:54

Health: -8/74      AC: 32    Str: 31    XL:     10   Next: 39%
Magic:  3/3        EV: 12    Int: 10    God:    Trog [******]
Gold:   0          SH:  0    Dex: 14    Spells: 9/9 levels left

rFire    . . .     SeeInvis .   u - +5 executioner's axe (antimagic)
rCold    . . .     Gourm    .   (shield currently unavailable)
rNeg     + . .     Faith    .   k - +7 chain mail of the Spheres {Dex+5}
rPois    ∞         Spirit   .   j - +1 helmet {Int+3}
rElec    +         Reflect  .   (no cloak)
rCorr    .         Harm     .   b - +3 pair of gauntlets of War {Slay+5}
MR       .....     NoTele   +   (no boots)
Stlth    ..........             (no amulet)
HPRegen  0.22/turn              G - ring of flight
MPRegen  0.08/turn              F - +6 ring of strength

@: berserk cooldown, slowed, very slow
A: negative energy resistance 1, electricity resistance, unbreathing,
petrification resistance, rot immunity, AC +7
a: Berserk, Trog's Hand, Brothers in Arms, Burn Spellbooks, Renounce Religion,
Evoke Flight


You were in the Dungeon.
You worshipped Trog.
Trog was exalted by your worship.
You were hungry.

You visited 1 branch

Inventory:

Hand Weapons
 u - a +5 antimagic executioner's axe (weapon)
Armour
 b - the +3 pair of gauntlets of War (worn) {Slay+5}
   (You found it in the Dungeon)

   It affects your accuracy and damage with ranged weapons and melee attacks
   (+5).
 j - a +1 helmet of intelligence (worn)
 k - the +7 chain mail of the Spheres (worn) {Dex+5}
   (You found it in the Dungeon)

   It affects your dexterity (+5).
Jewellery
 l - a +3 ring of protection
 F - a +6 ring of strength (right hand)
 G - a ring of flight (left hand)
Wands
 x - a wand of disintegration (7)
 y - a wand of iceblast (7)
 z - a wand of acid (7)
Scrolls
 i - 4 scrolls of blinking
 m - 7 scrolls of fog
 n - a scroll of holy word
 o - 5 scrolls of identify
 p - 5 scrolls of remove curse
 q - 2 scrolls of fear
Potions
 d - 10 potions of curing
 e - 8 potions of heal wounds
 f - 13 potions of haste
 g - 7 potions of magic
 h - 3 potions of berserk rage
 r - 2 potions of brilliance
 s - 2 potions of invisibility
 t - 4 potions of resistance
 v - 5 potions of agility
 w - 5 potions of might
Miscellaneous
 a - a sack of spiders
Comestibles
 c - 7 rations
 A - 9 chunks of flesh


   Skills:
 + Level 13.6 Fighting
 + Level 10.7(12.2) Axes
   Level 10.1(11.9) Polearms
 + Level 9.6 Armour
 + Level 5.5 Dodging
 + Level 3.5 Stealth


You had 9 spell levels left.
You didn't know any spells.

Dungeon Overview and Level Annotations

Branches:
Dungeon (1/1)

Altars:
Ashenzari
Cheibriados
Dithmenos
Elyvilon
Fedhas
Gozag
Hepliaklqana
Kikubaaqudgha
Makhleb
Nemelex Xobeh
Okawaru
Qazlal
Ru
Sif Muna
Trog
Uskayaw
Vehumet
Wu Jian
Xom
Yredelemnul
Zin
The Shining One
Beogh
Jiyva
Lugonu

Annotations:
D 1 transporter


Innate Abilities, Weirdness & Mutations

You are resistant to torment.
Your stone body is resilient. (AC +7)
You are immune to poison.
You resist negative energy. (rN+)
You are resistant to electric shocks. (rElec)
You can survive without breathing.
You are immune to petrification.
You are immune to rotting.


Message History

The fire dragon claws you but does no damage.
The fire dragon tramples you but does no damage.
The stone giant hits you!
You feel much better.
The fire dragon bites you but does no damage.
The fire dragon claws you. The fire dragon tramples you.
You stumble backwards!
The vault guard hits you but does no damage.
The stone giant hits you but does no damage.
The fire dragon bites you but does no damage.
The fire dragon claws you but does no damage.
The fire dragon tramples you but does no damage.
You open the fire dragon like a pillowcase!!!
The fire dragon is heavily wounded.
You slice the stone giant!! You barely miss the vault guard.
The vault guard hits you with an enchanted glaive!
The vault sentinel barely misses you. The stone giant hits you!
* * * LOW HITPOINT WARNING * * *
The fire dragon breathes flames at you. The blast of flame hits you!
You die...

▓.▓.)..▓.▓.▓.)..▓.▓
▓...©....▓...©....▓
▓▓▓▓▓▓▓▓▓▓▓▓▓▓▓▓▓▓▓
▓...8©8...▓..8©8..▓
▓..=}[)...▓..))...▓
▓...!=....▓...))..▓
▓...p.....▓.......▓
▓cpC......▓.......▓
▓.@Dc.....▓.......▓
▓..p(.....▓.......▓
▓.▓..(..▓.▓.......▓
▓....©....▓...©...▓
▓▓▓▓▓▓▓▓▓▓▓▓▓▓▓▓▓▓▓
▓..8©8..▓ ▓...|)..▓
▓...|)..▓ ▓.......▓


You could see a fire dragon, a stone giant, 2 vault guards, a vault sentinel and
2 yaktaurs.

Vanquished Creatures
  A deep elf knight (D)
  A deep elf mage (D)
  2 toenail golems (D)
  A jumping spider (D)
  A spriggan (D)
  2 air elementals (D)
  An orc warrior (D)
  2 black bears (D)
  4 ice beasts (D)
  A wolf (D)
  4 earth elementals (D)
  A scorpion (D)
  3 orc priests (D)
  3 orc wizards (D)
  A white imp (D)
  2 orcs (D)
30 creatures vanquished.

Notes
Turn   | Place    | Note
-------+----------+-------------------------------------------
     0 | D        | Found the +6 Majin-Bo {vamp, Archmagi MP+6 Int+6}
     0 | D        | Found the +7 great mace "Firestarter" {inner flame, rF++}
     0 | D        | Fang the Gargoyle Berserker began the quest for the Orb.
     0 | D        | Reached XP level 1. HP: 14/14 MP: 1/1
     3 | D        | Found a blossoming altar of Fedhas.
     6 | D        | Found a viscous altar of Jiyva.
     6 | D        | Found a hazy altar of Hepliaklqana.
     6 | D        | Found a transporter.
     6 | D        | Found an opulent altar of Gozag.
     6 | D        | Found an ancient bone altar of Kikubaaqudgha.
     6 | D        | Found a corrupted altar of Lugonu.
    12 | D        | Found a burning altar of Makhleb.
    13 | D        | Found a stormy altar of Qazlal.
    13 | D        | Found a sacrificial altar of Ru.
    13 | D        | Found an iron altar of Okawaru.
    13 | D        | Found a deep blue altar of Sif Muna.
    13 | D        | Found a sparkling altar of Nemelex Xobeh.
    13 | D        | Found a bloodstained altar of Trog.
    81 | D        | Entered arena 2.
    81 | D        | Noticed a scorpion
    81 | D        | Noticed a jumping spider
    81 | D        | Found a transporter.
    84 | D        | Killed a scorpion
    84 | D        | Reached skill level 5 in Fighting
    84 | D        | Reached XP level 2. HP: 22/22 MP: 2/2
    84 | D        | Reached XP level 3. HP: 27/27 MP: 3/3
    86 | D        | Killed a jumping spider
    86 | D        | Reached skill level 9 in Fighting
    86 | D        | Reached skill level 1 in Polearms
    86 | D        | Reached XP level 4. HP: 36/36 MP: 4/4
    86 | D        | Reached XP level 5. HP: 41/41 MP: 5/5
    86 | D        | Reached XP level 6. HP: 46/46 MP: 6/6
    91 | D        | Reached ** piety under Trog
   222 | D        | Entered arena 3.
   222 | D        | Found a transporter.
   228 | D        | Reached skill level 5 in Armour
   230 | D        | Reached *** piety under Trog
   273 | D        | Entered arena 4.
   273 | D        | Noticed an air elemental
   273 | D        | Noticed an air elemental
   273 | D        | Noticed a deep elf mage
   273 | D        | Noticed a deep elf knight
   273 | D        | Found a transporter.
   274 | D        | Found the +3 pair of gauntlets of War {Slay+5}
   275 | D        | Killed an air elemental
   275 | D        | Reached skill level 10 in Fighting
   275 | D        | Reached XP level 7. HP: 53/53 MP: 7/7
   279 | D        | Noticed a fire elemental
   279 | D        | Killed a deep elf mage
   279 | D        | Reached **** piety under Trog
   279 | D        | Reached skill level 11 in Fighting
   286 | D        | Killed a deep elf knight
   286 | D        | Reached skill level 5 in Polearms
   286 | D        | Reached XP level 8. HP: 53/60 MP: 8/8
   299 | D        | Killed an air elemental
   490 | D        | Entered arena 5.
   490 | D        | Noticed a spriggan
   490 | D        | Found a transporter.
   500 | D        | Killed a spriggan
   500 | D        | Reached ***** piety under Trog
   500 | D        | Reached skill level 12 in Fighting
   500 | D        | Reached skill level 10 in Axes
   528 | D        | Got the +5 demon trident "Irarphym" {flame, rElec rF+ MR++ Int-2}
   536 | D        | Reached skill level 5 in Dodging
   536 | D        | Reached XP level 9. HP: 55/67 MP: 9/9
   590 | D        | Entered arena 6.
   590 | D        | Found a transporter.
   591 | D        | Found the +3 sling "Punk" {acid, rCorr}
   599 | D        | Reached XP level 10. HP: 65/72 MP: 10/10
   604 | D        | Received a gift from Trog
   604 | D        | Reached skill level 13 in Fighting
   617 | D        | Got the +7 chain mail of the Spheres {Dex+5}
   665 | D        | Entered arena 7.
   665 | D        | Noticed a toenail golem
   665 | D        | Noticed a toenail golem
   667 | D        | Found a transporter.
   674 | D        | Killed a toenail golem
   678 | D        | Killed a toenail golem
   685 | D        | Reached skill level 10 in Polearms
   700 | D        | Received a gift from Trog
   733 | D        | Entered arena 8.
   734 | D        | Found a transporter.
   736 | D        | Reached ****** piety under Trog
   738 | D        | Received a gift from Trog
   780 | D        | Entered arena 9.
   780 | D        | Noticed a vault guard
   780 | D        | Noticed a vault guard
   780 | D        | Noticed a vault sentinel
   780 | D        | Noticed a stone giant
   780 | D        | Noticed a fire dragon
   782 | D        | Found a transporter.
   787 | D        | Killed from afar by a fire dragon

Skill      XL: |  1  2  3  4  5  6  7  8  9 10 |
---------------+-------------------------------+-----
Fighting       | 5 9 10 11 12 13 | 13.6
Axes           | 4 7 8 9 10 | 10.7
Armour         | 3 4 6 7 8 9 |  9.6
Dodging        | 2 3 4 5 |  5.5
Polearms       | 1 3 5 7 10 | 10.1
Stealth        | 3 |  3.5

Action                   |  1- 3 |  4- 6 |  7- 9 | 10-12 || total
-------------------------+-------+-------+-------+-------++-------
Melee: Demon trident     |     4 |    12 |    49 |    27 ||    92
       Executioner's axe |       |       |       |     7 ||     7
Invok: Berserk           |     1 |     2 |       |     2 ||     5
       Burn Spellbooks   |       |     1 |       |     1 ||     2
  Use: Potion            |       |       |     1 |     2 ||     3
  Eat: Chunk             |       |       |     2 |     1 ||     3
Armor: Shadow dragon sca |       |     3 |    56 |     3 ||    62
       Chain mail        |       |       |       |    17 ||    17
Dodge: Dodged            |       |     2 |    37 |    17 ||    56
